 Dungeon Crawl Stone Soup version 0.25.1-1-g288607f5aa (webtiles) character file.

Game seed: 15668400908247078213

36 Asdor the Skirmisher (level 3, 0/29 HPs)
             Began as a Demonspawn Abyssal Knight on July 23, 2020.
             Was a Follower of Lugonu.
             Succumbed to an adder's poison
             ... on level 2 of the Dungeon.
             The game lasted 00:03:34 (1371 turns).

Asdor the Skirmisher (Demonspawn Abyssal Knight)    Turns: 1371, Time: 00:03:34

Health: 0/29       AC:  3    Str: 12    XL:     3   Next: 19%
Magic:  4/4        EV: 11    Int: 13    God:    Lugonu [*.....]
Gold:   58         SH:  0    Dex: 13    Spells: 2/2 levels left

rFire    . . .     SeeInvis .   a - +2 spear
rCold    . . .     Gourm    .   (no shield)
rNeg     . . .     Faith    .   b - +0 leather armour
rPois    .         Spirit   .   (no helmet)
rElec    .         Reflect  .   (no cloak)
rCorr    .         Harm     .   (no gloves)
MR       .....                  (no boots)
Stlth    ++........             (no amulet)
HPRegen  0.09/turn              (no ring)
MPRegen  0.09/turn              (no ring)

@: lethally poisoned (0 -> -3), hasted, very quick
A: nightstalker 1
a: Depart the Abyss, Renounce Religion


You were on level 2 of the Dungeon.
You worshipped Lugonu.
Lugonu was aware of your devotion.
You were not hungry.

You visited 1 branch of the dungeon, and saw 2 of its levels.
You visited the Abyss 1 time.

You collected 58 gold pieces.

Inventory:

Hand Weapons
 a - a +2 spear (weapon)
Armour
 b - a +0 leather armour (worn)
Scrolls
 e - a scroll of identify
 g - a scroll of fog
 h - a scroll of remove curse {unknown}
Potions
 i - a potion of haste
Comestibles
 c - 2 rations
 d - 5 chunks of flesh


   Skills:
 + Level 3.5 Fighting
 + Level 2.1 Polearms
 + Level 2.2 Armour
 + Level 1.2 Dodging
 * Level 0.9 Stealth
 - Level 2.4 Invocations


You had 2 spell levels left.
You didn't know any spells.
Your spell library was empty.

Dungeon Overview and Level Annotations

Branches:
Dungeon (2/15)

Altars:


Innate Abilities, Weirdness & Mutations

You are slightly more attuned to the shadows.


Message History

* * * LOW HITPOINT WARNING * * *
You feel sick.
Found 13 gold pieces.
* * * LOW HITPOINT WARNING * * *
You feel sick.
As you read the scroll of identify, it crumbles to dust.
f - a scroll of teleportation
As you read the scroll of teleportation, it crumbles to dust.
You feel strangely unstable.
The frilled lizard bites you but does no damage.
The adder barely misses you.
* * * LOW HITPOINT WARNING * * *
You feel sick. The frilled lizard barely misses you.
Found a runed dagger.
The rat bites you but does no damage.
Found 13 gold pieces.
A goblin comes into view. It is wielding a +0 dagger.
Unknown command.
Your surroundings suddenly seem different.
You die...

.....#.##.......#
.............##>#
......#.#.......########.
....÷#....####..##.......
.......#.## ##.....## #####.##.#
#...#..# #.##.# #..###.#
####.##.# #..# #.# ##....#..#
#.@# #.## .....##.## #..#
#..####### .....# #..#
##.......##### .....##. ####..#
#######...... .....#.. #.....#
#######÷.. .#####.# ##.###.#
#......... K#
##.####..###.#######.........
.####..##..............)........#
......#...######.#######........#


There were no monsters in sight!

Vanquished Creatures
  2 adders (D:2)
  A leopard gecko (D:2)
  4 bats
  A giant cockroach (D:2)
  A goblin (D:1)
  A hobgoblin (D:1)
  2 jackals (D:2)
  A kobold (D:1)
  A ball python (D:1)
  3 frilled lizards (D:1)
  2 rats (D:2)
19 creatures vanquished.

Notes
Turn   | Place    | Note
-------+----------+-------------------------------------------
     0 | Abyss:1  | Asdor the Demonspawn Abyssal Knight began the quest for the
                  | Orb.
     0 | Abyss:1  | Reached XP level 1. HP: 18/18 MP: 2/2
    25 | Abyss:1  | Noticed a large abomination
    73 | Abyss:2  | Noticed a small abomination
    77 | Abyss:2  | Noticed a thrashing horror
    79 | D:1      | Escaped the Abyss
   650 | D:1      | Reached * piety under Lugonu
   650 | D:1      | Gained mutation: You are slightly more attuned to the
                  | shadows. [demonic ancestry]
   650 | D:1      | Reached XP level 2. HP: 23/24 MP: 3/3
   766 | D:1      | You fall into a shaft and drop 1 floor!
   782 | D:2      | Reached skill level 1 in Dodging
   946 | D:2      | Reached XP level 3. HP: 9/29 MP: 4/4
  1367 | D:2      | HP: 1/29 [poisoned by an adder]
  1371 | D:2      | Succumbed to an adder's poison

Illustrated notes

Levels and vault maps discovered:
D:1:      ncdulo_wetmaze, layout_basic
D:2:      layout_rooms, first_ration, serial_bayou_pond_a, st_stairs_4,
          fedhas_altar_4, uniq_robin

Skill      XL: |  1  2 |
---------------+-------+-----
Armour         | 2 |  2.2
Polearms       | 2 |  2.1
Dodging        | 1 |  1.2
Fighting       | |  3.5
Stealth        | |  0.9
Invocations    | |  2.4

Action                   || total
-------------------------++-------
Melee: Spear             ||    83
Invok: Depart the Abyss  ||     1
  Use: Scroll            ||     4
       Potion            ||     2
 Stab: Sleeping          ||     4
  Eat: Chunk             ||     1
Armor: Leather armour    ||    24
Dodge: Dodged            ||    42
